 Dungeon Crawl Stone Soup version 0.31-a0-95-g6fa058ef04 (webtiles) character file.

Game seed: 4539132779811303858

5503 Pooter the Spear-Bearer (level 10, -9/136 HPs)
             Began as a Minotaur Berserker on May 26, 2023.
             Was a Believer of Trog.
             Hit by a large rock thrown by a cyclops (18 damage)
             ... on level 9 of the Dungeon.
             The game lasted 00:38:34 (9202 turns).

Pooter the Spear-Bearer (Minotaur Berserker)        Turns: 9202, Time: 00:38:35

Health: -9/136     AC: 14    Str: 25    XL:     10   Next: 42%
Magic:  9/9        EV: 12    Int:  4    God:    Trog [**....]
Gold:   416        SH:  0    Dex: 11    Spells: 9/9 levels left

rFire   . . .        a - +1 demon trident (flame)
rCold   . . .        (no shield)
rNeg    . . .        E - +0 plate armour
rPois   .            (helmet restricted)
rElec   .            L - +2 cloak
rCorr   .            (no gloves)
SInv    .            (no boots)
Will    ++...        (no amulet)
Stlth   x              - +5 ring of evasion
HPRegen 1.42/turn    (no ring)
MPRegen 0.11/turn

%: no passive effects
@: berserking, strong-willed, regenerating, very quick
A: horns 2, retaliatory headbutt
a: Renounce Religion, Berserk, Trog's Hand


You were on level 9 of the Dungeon.
You worshipped Trog.
Trog was pleased with you.
You visited 1 branch of the dungeon, and saw 9 of its levels.
You also visited: Sewer.

You collected 416 gold pieces.

Inventory:

Hand Weapons
 a - a +1 demon trident of flaming (weapon)
   (You found it on level 5 of the Dungeon)
 b - a +0 orcbow
   (You took it off a centaur on level 7 of the Dungeon)
 u - a +0 halberd
   (You took it off a gnoll on level 4 of the Dungeon)
 F - a +3 spear of venom
   (You took it off a gnoll sergeant on level 9 of the Dungeon)
 K - a +0 war axe
   (You found it on level 8 of the Dungeon)
Missiles
 y - 20 poisoned darts (quivered)
 M - 2 throwing nets {!f}
 N - 2 boomerangs
 Q - 49 stones
Armour
 E - a +0 plate armour (worn)
   (You took it off an orc warrior on level 6 of the Dungeon)
 L - a +2 cloak (worn)
   (You took it off Maurice on level 8 of the Dungeon)
Jewellery
 x - a +5 ring of evasion (left hand)
   (You found it on level 4 of the Dungeon)
Wands
 d - a wand of iceblast (2)
   (You took it off Maurice on level 8 of the Dungeon)
 j - a wand of mindburst (12)
   (You found it on level 6 of the Dungeon)
 A - a wand of quicksilver (9)
   (You found it on level 5 of the Dungeon)
 G - a wand of charming (13)
   (You found it on level 7 of the Dungeon)
Scrolls
 h - 2 scrolls of torment {!r}
 m - a scroll of blinking
 p - a scroll of fear
 r - 3 scrolls of immolation {!r}
 t - 4 scrolls of teleportation {@r4}
 v - a scroll of noise {!r}
 w - 2 scrolls of magic mapping
 B - a scroll of brand weapon
 D - a scroll of poison {!r}
Potions
 c - 5 potions of curing {@q1}
 e - 3 potions of might
 f - 2 potions of degeneration {unknown}
 q - 4 potions of lignification {!q}
 s - a potion of ambrosia {unknown}
 C - a potion of berserk rage {unknown}
 H - a potion of enlightenment {unknown}
 I - a potion of brilliance {unknown}
 J - a potion of heal wounds {unknown}


   Skills:
 + Level 9.2 Fighting
 - Level 8.1(10.1) Axes
 * Level 9.2(10.6) Polearms
 * Level 6.1 Ranged Weapons
 - Level 2.4 Armour
 - Level 2.1 Dodging
 - Level 7.3 Stealth


You had 9 spell levels left.
You didn't know any spells.
Your spell library was empty.

Dungeon Overview and Level Annotations

Branches:
Dungeon (9/15)             Temple (0/1) D:5            Lair (0/5) D:8
  Sewer (visited)
    Orc: D:9-12

Altars:
Cheibriados
Gozag
Kikubaaqudgha
Qazlal
Trog
Xom
The Shining One

Annotations:
D:9 3 runed translucent doors


Innate Abilities, Weirdness & Mutations

You have a pair of horns on your head.
You reflexively headbutt those who attack you in melee.


Message History

You are exhausted.
You feel yourself slow down.
You start resting.
You are no longer corroded.
You start resting.
You feel yourself speed up.
You start resting.
You recover from your berserk rage.
You start resting.
Your +1 demon trident of flaming stops flaming.
b - a +0 orcbow (weapon)
Items here: )) ††.
Found a metallic silvery potion.
The green ugly thing gurgles horribly!
You hear a horrible gurgling sound!
Found 10 gold pieces.
The cyan ugly thing gurgles horribly! x2
The merfolk changes into a glowing orange brain!
The glowing orange brain changes into a manticore!
The manticore changes into a cyclops!
You now have 416 gold pieces (gained 10).
The cyclops changes into a merfolk!
The merfolk changes into an elephant!
The elephant changes into a cyclops!
Found a potion of curing.
A cyclops comes into view.
The cyclops shouts!
Throw: dart (curare)
Aim: a cyclops, quivering large rocks (86% to hit)
You throw a curare-tipped dart.
The curare-tipped dart barely misses the cyclops.
You shoot an arrow.
The arrow hits the cyclops but does no damage.
You shoot an arrow. The arrow barely misses the cyclops.
The cyclops throws a large rock.
The large rock hits you!!!
You are too injured to fight recklessly!
Unknown command.
Your skin crawls.
You feel strong-willed.
The cyclops throws a large rock.
The large rock hits you!!
* * * LOW HITPOINT WARNING * * *
Your +1 demon trident of flaming bursts into flame!
a - a +1 demon trident of flaming (weapon)
A red film seems to cover your vision as you go berserk!
You feel yourself moving faster!
You feel mighty!
The cyclops throws a large rock.
The large rock hits you!!
* * * LOW HITPOINT WARNING * * *
Found a scroll of fear.
You feel a strong urge to attack something.
The cyclops throws a large rock.
The large rock hits you!!
You die...

..##.....## #...+u.#...
..........####..+uu..#.
............#...#C#.#.#
................#u!..#§
...............#######
...................###
.....................#
.#..................##
................@....#
........##..........!..#
...##..........##..##
...........# .#
....C......# .. ..
........### # #.##
.(.....## ...# ?.....#
...##


You could see a cyclops.

Vanquished Creatures
  A centaur warrior (D:8)
  A two-headed ogre (D:9)
  Maurice (D:8)
  Joseph (D:7)
  A troll (D:7)
  Prince Ribbit (D:4)
  Sigmund (D:2)
  A wraith (D:9)
  A wyvern (D:9)
  2 acid dragons (D:9)
  2 orc warriors
  2 black bears (D:6)
  3 ice beasts
  An ogre (D:7)
  A centaur (D:7)
  2 phantoms (D:6)
  2 bullfrogs
  3 kobold brigands (Sewer)
  2 gnoll sergeants (D:9)
  2 scorpions
  4 howler monkeys
  2 jellies
  3 orc priests
  3 hounds
  5 iguanas
  8 orc wizards
  18 gnolls
  13 adders
  2 river rats
  A shadow imp (D:8)
  An ufetubus (D:4)
  2 worms
  2 dart slugs
  14 orcs
  6 endoplasms
  4 giant cockroaches
  8 goblins
  A hobgoblin (D:1)
  3 jackals (D:3)
  5 quokkas
  4 ball pythons
  6 bats
  15 kobolds
  6 rats
167 creatures vanquished.

Vanquished Creatures (others)
  An orc wizard (D:8)
1 creature vanquished.

Grand Total: 168 creatures vanquished

Notes
Turn   | Place    | Note
-------+----------+-------------------------------------------
     0 | D:1      | Pooter the Minotaur Berserker began the quest for the Orb.
     0 | D:1      | Reached XP level 1. HP: 19/19 MP: 0/0
   225 | D:1      | Reached XP level 2. HP: 16/27 MP: 1/1
   329 | D:1      | Reached skill level 1 in Stealth
  1241 | D:2      | Reached XP level 3. HP: 33/33 MP: 2/2
  1300 | D:2      | Found a faded altar of an unknown god.
  1303 | D:2      | Noticed Sigmund
  1311 | D:2      | Killed Sigmund
  1312 | D:2      | Reached skill level 5 in Axes
  1312 | D:2      | Reached XP level 4. HP: 38/41 MP: 3/3
  1312 | D:2      | Reached XP level 5. HP: 44/47 MP: 4/4
  1739 | D:3      | Reached ** piety under Trog
  1889 | D:3      | Found a glowing drain.
  1893 | Sewer    | Entered a sewer
  1957 | Sewer    | Reached skill level 5 in Fighting
  1957 | Sewer    | Reached XP level 6. HP: 27/56 MP: 5/5
  2489 | D:3      | Found an ancient bone altar of Kikubaaqudgha.
  2779 | D:3      | Found an opulent altar of Gozag.
  3089 | D:3      | Found a bloodstained altar of Trog.
  3141 | D:4      | Reached XP level 7. HP: 61/61 MP: 6/6
  3237 | D:4      | Found a shimmering altar of Xom.
  3240 | D:4      | Found a shimmering altar of Xom.
  3242 | D:4      | Found a shimmering altar of Xom.
  3242 | D:4      | Found a shimmering altar of Xom.
  3546 | D:4      | Found a stormy altar of Qazlal.
  3725 | D:5      | Entered Level 5 of the Dungeon
  3799 | D:5      | Noticed Prince Ribbit
  3815 | D:4      | Killed Prince Ribbit
  3991 | D:5      | Reached skill level 5 in Stealth
  4027 | D:5      | Found a staircase to the Ecumenical Temple.
  4097 | D:5      | Reached XP level 8. HP: 70/70 MP: 7/7
  4669 | D:6      | Reached skill level 1 in Polearms
  5000 | D:6      | Reached *** piety under Trog
  5442 | D:6      | Reached XP level 9. HP: 76/79 MP: 8/8
  5520 | D:6      | Reached skill level 5 in Polearms
  5940 | D:7      | Noticed Joseph
  6021 | D:7      | Found a snail-covered altar of Cheibriados.
  6169 | D:7      | Found a glowing golden altar of the Shining One.
  6195 | D:7      | Noticed a troll
  6202 | D:7      | Killed a troll
  6493 | D:7      | Killed Joseph
  7102 | D:8      | Found a staircase to the Lair.
  7380 | D:8      | Noticed a centaur warrior
  7420 | D:8      | Killed a centaur warrior
  7581 | D:8      | Noticed Maurice
  7595 | D:8      | Killed Maurice
  7596 | D:8      | Reached XP level 10. HP: 90/90 MP: 9/9
  8359 | D:9      | Reached skill level 5 in Ranged Weapons
  9054 | D:9      | Noticed a two-headed ogre
  9059 | D:9      | Killed a two-headed ogre
  9176 | D:9      | Found a runed translucent gate.
  9176 | D:9      | Found a runed translucent gate.
  9176 | D:9      | Found a runed translucent gate.
  9176 | D:9      | Noticed a white ugly thing
  9177 | D:9      | Noticed a green ugly thing
  9177 | D:9      | Noticed a white ugly thing
  9177 | D:9      | Noticed a cyan ugly thing
  9178 | D:9      | Noticed a cyan ugly thing
  9178 | D:9      | a merfolk changed into a glowing orange brain
  9178 | D:9      | Noticed a glowing orange brain (glowing shapeshifter)
  9180 | D:9      | a glowing orange brain changed into a manticore
  9180 | D:9      | Noticed a manticore (glowing shapeshifter)
  9181 | D:9      | a manticore changed into a cyclops
  9181 | D:9      | Noticed a cyclops (glowing shapeshifter)
  9185 | D:9      | a cyclops changed into a merfolk
  9186 | D:9      | a merfolk changed into an elephant
  9186 | D:9      | Noticed an elephant (glowing shapeshifter)
  9189 | D:9      | an elephant changed into a cyclops
  9189 | D:9      | Noticed a cyclops (glowing shapeshifter)
  9195 | D:9      | Noticed a cyclops
  9202 | D:9      | Hit by a large rock thrown by a cyclops

Illustrated notes

Levels and vault maps discovered:
D:1:      dpeg_arrival_simpleton_c, layout_basic, grunt_decor_arrowhead,
          chequers_serial_rivers_micro_b, interstate_on_off
D:2:      layout_rooms, hellmonk_ecumenical_altar_arch_garden,
          minmay_misc_feat_doors, uniq_sigmund
D:3:      layout_loops_cross, mainiacjoe_overflow_alcove_2, trog_book,
          mainiacjoe_overflow_brackets, gup_sewer_entry_bowl
D:4:      layout_basic, xom_redecorated, lemuel_coloured_pillars_altar
D:5:      layout_rooms, minmay_temple_entry_slanted, minmay_puff,
          uniq_prince_ribbit1
D:6:      black_bear_nest_2, layout_layer_cave,
          nicolae_concentric_dashed_squares_mild, kennysheep_generic_room_11
D:7:      layout_gridville, lemuel_crystal_altar,
          nicolae_overflow_hidden_temple, uniq_joseph
D:8:      layout_gridville, lair_entry_dummy, kennysheep_generic_room_6,
          uniq_maurice
D:9:      layout_cave_pools, ploomutoo_gammafunk_ghost_potion_laboratory

Skill      XL: |  1  2  3  4  5  6  7  8  9 10 |
---------------+-------------------------------+-----
Axes           | 4 5 6 7 8 |  8.1
Stealth        | 1 2 3 4 5 6 7 |  7.3
Fighting       | 4 5 6 7 8 9 |  9.2
Polearms       | 4 8 9 |  9.2
Ranged Weapons | 4 6 |  6.1
Armour         | |  2.4
Dodging        | |  2.1

Action                     |  1- 3 |  4- 6 |  7- 9 | 10-12 || total
---------------------------+-------+-------+-------+-------++-------
  Melee: Hand axe          |    61 |    94 |     2 |       ||   157
         Headbutt          |     6 |    14 |    43 |     6 ||    69
         Punch             |     1 |     1 |     5 |       ||     7
         Whip              |       |       |    55 |       ||    55
         Demon trident     |       |       |   134 |    50 ||   184
   Fire: Orcbow            |       |       |    24 |     8 ||    32
  Throw: Stone             |     1 |       |       |       ||     1
         Dart              |       |    15 |    11 |     1 ||    27
 Invoke: Berserk           |     1 |     5 |     7 |     6 ||    19
         Trog's Hand       |       |     1 |     9 |     2 ||    12
  Evoke: Wand              |       |       |     4 |       ||     4
    Use: Potion            |     2 |       |       |       ||     2
         Scroll            |       |     3 |    10 |     5 ||    18
   Stab: Sleeping          |     1 |       |       |       ||     1
 Armour: Animal skin       |    21 |     1 |       |       ||    22
         Chain mail        |       |    36 |    28 |       ||    64
         Plate armour      |       |       |    33 |    27 ||    60
  Dodge: Dodged            |    46 |    48 |   112 |    40 ||   246

Table legend: (Time is in decaauts)
 A = Elapsed time spent in this place.
 B = Non-inter-level travel time spent in this place.
 C = Inter-level travel time spent in this place.
 D = Time resting spent in this place.
 E = Time spent auto-exploring this place.
 F = Levels seen in this place.
 G = Mean time per level.
                   A        B        C        D        E       F      G
               +--------+--------+--------+--------+--------+-----+--------+
         Total |   9451 |   9041 |    410 |   2244 |   5161 |  10 |  945.1 |
       Dungeon |   8785 |   8375 |    410 |   1995 |   5023 |   9 |  976.1 |
         Sewer |    666 |    666 |      0 |    248 |    138 |   1 |  666.0 |
               +--------+--------+--------+--------+--------+-----+--------+

Top non-repeatable levels by time:
     D:8: 1493 daAuts
     D:6: 1481 daAuts
     D:1: 1164 daAuts
     D:7: 919 daAuts
     D:9: 885 daAuts
     D:3: 824 daAuts
     D:5: 752 daAuts
     D:4: 680 daAuts
   Sewer: 666 daAuts
     D:2: 582 daAuts
